 Dungeon Crawl Stone Soup version 0.31-a0-214-gb37851dbb3 (webtiles) character file.

Game seed: 906682642677729322

993 qw the Chopper (level 8, -5/49 HPs)
             Began as a Gargoyle Fighter on July 1, 2023.
             Slain by Duvessa
             ... wielding a +0 rapier
              (7 damage)
             ... on level 5 of the Dungeon.
             The game lasted 00:02:20 (3893 turns).

qw the Chopper (Gargoyle Fighter)                   Turns: 3893, Time: 00:02:21

Health: -5/49      AC: 27    Str: 21    XL:     8   Next: 19%
Magic:  8/8        EV:  7    Int:  5    God:
Gold:   268        SH:  4    Dex:  9    Spells: 7/7 levels left

rFire   . . .        f - +0 broad axe
rCold   . . .        c - +0 buckler
rNeg    + + .        g - +8 storm dragon scales of Doomed Tender Moments {rElec rN+ Will+ Int-5}
rPois   inf          k - +1 helmet
rElec   +            (no cloak)
rCorr   .            (no gloves)
SInv    .            (no boots)
Will    +....        (no amulet) Stlth
                     (no ring)
HPRegen 0.28/turn    (no ring)
MPRegen 0.11/turn

%: no passive effects
@: no status effects
A: sickness immunity, AC +5, negative energy resistance 1, electricity
resistance, torment resistance 1, petrification resistance
a: no special abilities


You were on level 5 of the Dungeon.
You visited 1 branch of the dungeon, and saw 5 of its levels.

You collected 268 gold pieces.


Innate Abilities, Weirdness & Mutations

You are immune to sickness and miasma.
Your stone body is resilient. (AC +5)
You are immune to poison.
You resist negative energy. (rN+)
You are resistant to electric shocks. (rElec)
You are resistant to unholy torment.
You are immune to petrification.


   Skills:
 - Level 5.0 Fighting
 + Level 7.1 Axes
 - Level 2.0 Throwing
 - Level 4.0 Armour
 - Level 1.4 Dodging
 - Level 3.2 Shields


You had 7 spell levels left.
You didn't know any spells.
Your spell library was empty.

Inventory:

Hand Weapons
 b - a +1 flail of draining
 f - a +0 broad axe (weapon)
 m - a +0 flail
Missiles
 h - a javelin (quivered)
Armour
 c - a +0 buckler (worn)
 g - the +8 storm dragon scales of Doomed Tender Moments (worn) {rElec rN+ Will+ Int-5}
   (You acquired it on level 2 of the Dungeon)

   Int:       It affects your intelligence (-5).
   rElec:     It insulates you from electricity.
   rN:        It protects you from negative energy.
   Will:      It increases your willpower.
 k - a +1 helmet (worn)
Scrolls
 a - 2 scrolls of identify
Potions
 d - a potion of might
 i - a potion of degeneration {unknown}
 l - a potion of attraction
 o - a potion of curing

Dungeon Overview and Level Annotations

Branches:
Dungeon (5/15)
 Temple: D:4-7

Altars:
Ru
Vehumet
Wu Jian

Annotations:
D:3 2 transporters, qw's ghost, amateur GrHs
D:5 Duvessa


Message History

Things that are here:
a +0 club; a wand of roots (9); a gnoll corpse
3878 ||| FLEEEEING.
3879 ||| FLEEEEING.
3880 ||| STILL FLEEEEING.
3881 ||| STILL FLEEEEING.
You hear a shout!
You barely miss Duvessa. Duvessa hits you with a +0 rapier.
Duvessa barely misses you.
You hit Duvessa.
Duvessa is lightly wounded.
Duvessa hits you with a +0 rapier. Duvessa completely misses you.
You hit Duvessa.
Duvessa is lightly wounded.
You block Duvessa's attack. Duvessa hits you but does no damage.
You hit Duvessa but do no damage.
Duvessa is lightly wounded.
You block Duvessa's attack. Duvessa hits you with a +0 rapier.
You barely miss Duvessa.
Duvessa is lightly wounded.
Duvessa closely misses you. You block Duvessa's attack.
You hit Duvessa but do no damage.
Duvessa is lightly wounded.
Duvessa hits you with a +0 rapier. x2
You barely miss Duvessa.
Duvessa is lightly wounded.
Duvessa barely misses you. Duvessa hits you but does no damage.
You hit Duvessa but do no damage.
Duvessa is lightly wounded.
Duvessa hits you with a +0 rapier.
You hit Duvessa but do no damage.
Duvessa is lightly wounded.
Duvessa hits you but does no damage. Duvessa barely misses you.
You hit Duvessa but do no damage.
Duvessa is lightly wounded.
Duvessa barely misses you. x2
You barely miss Duvessa.
Duvessa is lightly wounded.
Duvessa hits you but does no damage. Duvessa hits you with a +0 rapier!
You die...

#.##........# #.##.......)#
#.....#..#....#
#####......####### ##
#......#.........# ..#
###.#..#..######.#######...
###.#..#..###.##.#.........
#.............##.#.........
#############.##@#......#
#...........#.##e#)))...###
###.######..#.##..))).....#
#.# #.##.####).%...#.# ###
#....# ####...... ######
.###$. # .


You could see Duvessa (berserk).

Vanquished Creatures
  Sigmund (D:4)
  An ogre (D:4)
  A gnoll sergeant (D:5)
  3 scorpions
  Dowan (D:5)
  A howler monkey (D:4)
  3 jellies
  A hound (D:5)
  An iguana (D:4)
  5 adders
  11 gnolls
  A white imp (D:5)
  2 worms
  3 dart slugs
  4 orcs
  20 endoplasms
  3 giant cockroaches
  7 goblins
  5 hobgoblins
  4 jackals
  12 quokkas
  7 ball pythons
  6 bats
  2 frilled lizards (D:1)
  12 kobolds
  A rat (D:1)
118 creatures vanquished.

Notes
Turn   | Place    | Note
-------+----------+-------------------------------------------
     0 | D:1      | qw the Gargoyle Fighter began the quest for the Orb.
     0 | D:1      | Reached XP level 1. HP: 14/14 MP: 1/1
     0 | D:1      | 0 ||| qw: Version: 0.3-a-32-g5962c71
     0 | D:1      | 0 ||| qw: Game counter: 7525
     0 | D:1      | 0 ||| qw: Melee chars always use a shield: true
     0 | D:1      | 0 ||| qw: God list: Okawaru
     0 | D:1      | 0 ||| qw: Allow faded altars: false
     0 | D:1      | 0 ||| qw: Do Orc after clearing Dungeon:15 true
     0 | D:1      | 0 ||| qw: Do second Lair branch before Depths: true
     0 | D:1      | 0 ||| qw: Lair rune preference: random
     0 | D:1      | 0 ||| qw: Goals: Normal, Zot:1-4, Slime:5, God:TSO, Crypt,
                  | Tomb, Abyss, Pan, Hells, Win
     0 | D:1      | 0 ||| PLANNING D:1-11
    40 | D:1      | Reached skill level 2 in Axes
    42 | D:1      | 42 ||| Stepping ~*~*~tactically~*~*~ (stealth).
    45 | D:1      | 45 ||| Stepping ~*~*~tactically~*~*~ (stealth).
   123 | D:1      | Reached XP level 2. HP: 19/19 MP: 2/2
   507 | D:1      | 507 ||| Stepping ~*~*~tactically~*~*~ (hiding).
   514 | D:1      | Reached skill level 3 in Axes
   514 | D:1      | Reached XP level 3. HP: 22/23 MP: 3/3
   519 | D:1      | 519 ||| Stepping ~*~*~tactically~*~*~ (stealth).
   856 | D:1      | 856 ||| READING scroll labelled XISITHR QALA.
   861 | D:1      | 861 ||| READING scroll labelled MAISHR GEOFEX.
   862 | D:1      | 862 ||| READING scroll labelled AXZONU CATITS.
   863 | D:1      | 863 ||| READING scroll labelled BUITAQ GUL.
   864 | D:1      | 864 ||| READING scroll labelled SEDUD NIUSEXA.
   865 | D:1      | 865 ||| READING scroll labelled GOTUSTR JIMYU.
   879 | D:1      | 879 ||| READING scroll labelled VOSTYI ZAECZYPT.
   880 | D:1      | 880 ||| READING scroll labelled ADIMNE SOFEHO.
  1065 | D:2      | Found a radiant altar of Vehumet.
  1109 | D:2      | 1109 ||| DROPPING +0 hand axe.
  1167 | D:2      | 1167 ||| Stepping ~*~*~tactically~*~*~ (hiding).
  1169 | D:2      | 1169 ||| Stepping ~*~*~tactically~*~*~ (hiding).
  1172 | D:2      | 1172 ||| Stepping ~*~*~tactically~*~*~ (hiding).
  1308 | D:2      | Reached XP level 4. HP: 23/28 MP: 4/4
  1460 | D:2      | 1460 ||| Stepping ~*~*~tactically~*~*~ (hiding).
  1462 | D:2      | 1462 ||| Stepping ~*~*~tactically~*~*~ (hiding).
  1750 | D:2      | Reached skill level 4 in Axes
  1839 | D:2      | 1839 ||| READING scroll labelled HYTIJO JYAHECUYDD.
  1839 | D:2      | Identified a scroll of acquirement
  1839 | D:2      | 1839 ||| ACQUIRING +8 storm dragon scales of Doomed Tender
                  | Moments {rElec rN+ Will+ Int-5}
  1839 | D:2      | Acquired the +8 storm dragon scales of Doomed Tender
                  | Moments {rElec rN+ Will+ Int-5}
  1841 | D:2      | 1841 ||| UPGRADING to +8 storm dragon scales of Doomed
                  | Tender Moments {rElec rN+ Will+ Int-5}.
  1851 | D:2      | 1851 ||| DROPPING +0 scale mail.
  1852 | D:2      | 1852 ||| DRINKING 2 grey potions.
  1884 | D:3      | Noticed a scorpion
  1904 | D:3      | Killed a scorpion
  1905 | D:3      | Reached XP level 5. HP: 32/32 MP: 5/5
  1926 | D:3      | 1926 ||| Stepping ~*~*~tactically~*~*~ (stealth).
  1974 | D:3      | 1974 ||| DROPPING +0 whip.
  1981 | D:3      | Found a transporter.
  1982 | D:3      | Found a transporter.
  1982 | D:3      | Noticed qw's ghost (amateur GrHs)
  2071 | D:3      | 2071 ||| Stepping ~*~*~tactically~*~*~ (stealth).
  2074 | D:3      | 2074 ||| Stepping ~*~*~tactically~*~*~ (hiding).
  2077 | D:3      | Reached skill level 1 in Throwing
  2127 | D:3      | 2127 ||| DROPPING +0 mace.
  2290 | D:3      | 2290 ||| Stepping ~*~*~tactically~*~*~ (hiding).
  2300 | D:3      | Reached skill level 5 in Axes
  2325 | D:3      | 2325 ||| READING scroll of brand weapon.
  2325 | D:3      | 2325 ||| BRANDING +1 war axe of chaos.
  2326 | D:3      | 2326 ||| DROPPING +0 war axe.
  2489 | D:3      | 2489 ||| Stepping ~*~*~tactically~*~*~ (hiding).
  2490 | D:3      | 2490 ||| Stepping ~*~*~tactically~*~*~ (hiding).
  2535 | D:3      | Reached XP level 6. HP: 29/38 MP: 6/6
  2539 | D:3      | HP: 4/38 [acid (6)]
  2541 | D:3      | HP: 1/38 [frozen (4)]
  2571 | D:3      | 2571 ||| FLEEEEING.
  2882 | D:3      | Found an ornate altar of the Wu Jian Council.
  2889 | D:3      | Noticed a spectral centipede
  2889 | D:3      | Noticed a spectral black mamba
  2889 | D:3      | Noticed a spectral cane toad
  2890 | D:3      | 2890 ||| UPGRADING to +0 helmet.
  2895 | D:3      | 2895 ||| READING scroll of enchant armour.
  2895 | D:3      | 2895 ||| ENCHANTING +0 helmet.
  2896 | D:3      | 2896 ||| READING scroll labelled BEENEO CEPOAD.
  2897 | D:3      | 2897 ||| READING scroll labelled MUNO HEUSSUTRI.
  2898 | D:3      | 2898 ||| READING 3 scrolls of identify.
  2898 | D:3      | 2898 ||| IDENTIFYING yellow potion
  2899 | D:3      | 2899 ||| READING 2 scrolls of identify.
  2899 | D:3      | 2899 ||| IDENTIFYING coppery potion
  2900 | D:3      | 2900 ||| DROPPING potion of ambrosia.
  2987 | D:4      | Noticed Sigmund
  2995 | D:4      | Killed Sigmund
  2996 | D:4      | Reached skill level 6 in Axes
  2996 | D:4      | Reached XP level 7. HP: 43/43 MP: 7/7
  3069 | D:4      | Reached skill level 1 in Dodging
  3072 | D:4      | 3072 ||| Stepping ~*~*~tactically~*~*~ (stealth).
  3073 | D:4      | 3073 ||| Stepping ~*~*~tactically~*~*~ (stealth).
  3074 | D:4      | 3074 ||| Stepping ~*~*~tactically~*~*~ (stealth).
  3086 | D:4      | 3086 ||| Stepping ~*~*~tactically~*~*~ (stealth).
  3097 | D:4      | 3097 ||| FLEEEEING.
  3098 | D:4      | 3098 ||| FLEEEEING.
  3099 | D:4      | 3099 ||| FLEEEEING.
  3100 | D:4      | 3100 ||| FLEEEEING.
  3101 | D:4      | 3101 ||| STAIRDANCE
  3292 | D:4      | 3292 ||| SWAPPING to +0 broad axe.
  3299 | D:4      | 3299 ||| DROPPING +1 war axe of freezing.
  3329 | D:4      | Reached skill level 7 in Axes
  3364 | D:4      | Found a sacrificial altar of Ru.
  3372 | D:4      | 3372 ||| Stepping ~*~*~tactically~*~*~ (stealth).
  3376 | D:4      | 3376 ||| Stepping ~*~*~tactically~*~*~ (stealth).
  3458 | D:4      | 3458 ||| Stepping ~*~*~tactically~*~*~ (hiding).
  3522 | D:4      | 3522 ||| Stepping ~*~*~tactically~*~*~ (stealth).
  3712 | D:4      | 3712 ||| READING 3 scrolls of identify.
  3712 | D:4      | 3712 ||| IDENTIFYING pink potion
  3728 | D:5      | Entered Level 5 of the Dungeon
  3731 | D:5      | 3731 ||| Stepping ~*~*~tactically~*~*~ (hiding).
  3850 | D:5      | HP: 10/44 [gnoll/+0 spear[a gnoll sergeant] (6)]
  3851 | D:5      | 3851 ||| DRINKING potion of heal wounds.
  3857 | D:5      | Reached XP level 8. HP: 26/49 MP: 8/8
  3864 | D:5      | Noticed Dowan
  3875 | D:5      | Noticed Duvessa
  3876 | D:5      | Killed Dowan
  3877 | D:5      | 3877 ||| FLEEEEING.
  3878 | D:5      | 3878 ||| FLEEEEING.
  3879 | D:5      | 3879 ||| FLEEEEING.
  3886 | D:5      | HP: 10/49 [Duvessa/+0 rapier (3)]
  3890 | D:5      | HP: 1/49 [Duvessa/+0 rapier (6)]
  3893 | D:5      | Slain by Duvessa

Levels and vault maps discovered:
D:1:      giann_bridges, layout_basic
D:2:      layout_basic, basic_altar
D:3:      cheibrodos_fertilizer, layout_basic, pdpol_wu_jian_five_deadly_venoms,
          gammafunk_ghost_arena, moated_statue, st_stairs_11, minivault_27,
          kennysheep_generic_room_3
D:4:      wad_woods_tower, layout_basic, kennysheep_little_box, uniq_sigmund
D:5:      layout_basic, lemuel_doored_altar, minmay_temple_entry_mist,
          minmay_misc_feat_rows, minmay_misc_feat_four_crosses, uniq_duvessa

Skill      XL: |  1  2  3  4  5  6  7  8 |
---------------+-------------------------+-----
Axes           | 2 3 4 5 6 7 |  7.1
Throwing       | 1 2 |  2.0
Fighting       | 4 5 |  5.0
Dodging        | 1 |  1.4
Armour         | 4 |  4.0
Shields        | |  3.2

Action                     |  1- 3 |  4- 6 |  7- 9 || total
---------------------------+-------+-------+-------++-------
  Melee: War axe           |    82 |   120 |    36 ||   238
         Broad axe         |       |       |    82 ||    82
  Throw: Javelin           |       |    29 |     4 ||    33
    Use: Scroll            |     8 |     7 |     1 ||    16
         Potion            |       |     1 |     1 ||     2
 Armour: Scale mail        |    34 |    10 |       ||    44
         Storm dragon scal |       |    60 |   100 ||   160
  Dodge: Dodged            |    43 |    39 |    51 ||   133
  Block: Buckler           |    11 |    20 |    27 ||    58

Table legend:
 A = Non-vault XP
 B = Vault XP
 C = Vault XP percentage of total XP
 D = Non-vault monster count
 E = Vault monster count
 F = Vault count percentage of total count
                 A         B        C        D         E       F
            +---------+---------+-------+---------+---------+-------
      Total |     887 |     532 |  37.5 |      89 |      30 |  25.2
            +---------+---------+-------+---------+---------+-------
        D:1 |      49 |       0 |   0.0 |      21 |       0 |   0.0
        D:2 |      52 |       0 |   0.0 |      15 |       0 |   0.0
        D:3 |      94 |     201 |  68.1 |      21 |      22 |  51.2
        D:4 |     471 |     262 |  35.7 |      23 |       7 |  23.3
        D:5 |     221 |      69 |  23.8 |       9 |       1 |  10.0
            +---------+---------+-------+---------+---------+-------
